 Dungeon Crawl Stone Soup version 0.28-a0-413-gde365fb1df (webtiles) character file.

Game seed: 11469711888056891534

92 lmSkywalker the Chopper (level 4, -6/40 HPs)
             Began as a Deep Dwarf Fighter on Sept 7, 2021.
             Killed from afar by Ijyb (19 damage)
             ... with a bolt of acid
             ... on level 2 of the Dungeon.
             The game lasted 00:05:39 (1364 turns).

lmSkywalker the Chopper (Deep Dwarf Fighter)        Turns: 1364, Time: 00:05:40

Health: -6/40      AC:  4    Str: 21    XL:     4   Next: 35%
Magic:  3/3        EV:  9    Int:  8    God:
Gold:   124        SH:  4    Dex: 12    Spells: 3/3 levels left

rFire   . . .      SeeInvis .   a - +0 war axe
rCold   . . .      Faith    .   c - +0 buckler
rNeg    . . .      Spirit   .   b - +0 scale mail
rPois   .          Reflect  .   (no helmet)
rElec   .          Harm     .   (no cloak)
rCorr   .          Rampage  .   (no gloves)
Will    .....                   e - +0 pair of boots
Stlth   ..........              (no amulet)
HPRegen 0.00/turn               (no ring)
MPRegen 0.08/turn               (no ring)

@: mighty, corroded
A: damage resistance, heal wounds, sense surroundings 1, no regeneration
a: Heal Wounds


You were on level 2 of the Dungeon.
You visited 1 branch of the dungeon, and saw 2 of its levels.

You collected 124 gold pieces.

Inventory:

Hand Weapons
 a - a +0 war axe (weapon)
Missiles
 h - 72 stones (quivered)
Armour
 b - a +0 scale mail (worn)
 c - a +0 buckler (worn)
 e - a +0 pair of boots (worn)
Scrolls
 g - a scroll of blinking {unknown}
 i - a scroll of fog {unknown}
 j - a scroll of teleportation {unknown}
 k - a scroll of noise {unknown}
Potions
 d - 2 potions of might
 f - 2 potions of flight {unknown}


   Skills:
 - Level 2.6 Fighting
 + Level 4.8 Axes
 - Level 3.2 Armour
 + Level 3.7 Shields


You had 3 spell levels left.
You didn't know any spells.
Your spell library contained the following spells:

 Spells                   Type           Power      Damage    Failure   Level
 Magic Dart               Conj           0%         1d3       77%         1
 Searing Ray              Conj           0%         2d4       88%         2
 Fulminant Prism          Conj/Hex       0%         3d6       100%        4


Dungeon Overview and Level Annotations

Branches:
Dungeon (2/15)

Altars:

Shops:
D:1 [   D:2 [

Annotations:
D:2 Ijyb


Innate Abilities, Weirdness & Mutations

You are resistant to damage.
You can heal yourself by infusing magical energy.
You passively map a small area around you.
You do not regenerate.


Message History

There is an open door here.
Things that are here:
a +0 hunting sling; a +0 dagger
There is a stone staircase leading down here.
You see here a +0 hand axe. 2 goblins come into view.
Found a stone staircase leading down.
The goblin shouts! x2
A goblin comes into view. It is wielding a +0 club.
A goblin comes into view. It is wielding a +0 dagger.
There are monsters nearby!
You see here a +0 hand axe.
You slash the goblin!
You kill the goblin!
You hit the goblin.
The goblin is moderately wounded.
The goblin hits you but does no damage. x2
You barely miss the goblin.
The goblin is moderately wounded.
You block the goblin's attack.
You hit the goblin.
You kill the goblin!
Items here: ))) ††.
Ijyb the Twisted Goblin comes into view.
She is wielding a +3 dagger of holy wrath, wearing a +2 scale mail of poison resistance and carrying a wand of acid (9).
Ijyb shouts!
You hear a shout!
You aren't carrying any items that you can evoke.
Okay, then.
You feel very mighty all of a sudden. Ijyb screams, "Me stronger than you!"
Ijyb zaps a wand.
The bolt of acid hits you!! The acid corrodes you!
Ijyb zaps a wand.
The bolt of acid hits you!
A goblin comes into view. It is wielding a +0 club.
The goblin shouts!
You hear a shout!
The goblin unwields a +0 dagger.
The goblin wields a +0 hunting sling.
The goblin shoots a stone.
The stone completely misses you.
The goblin shouts!
A goblin comes into view. It is wielding a +0 club.
The goblin shouts!
Ijyb zaps a wand.
The bolt of acid hits you!!
You die...

, , * #.##....#.# * . *
#.##..###.# >, ,* **
#.##..# #.# * #. * *
#.##..###<# #.###, ,
*#.......... #.#.##
#####.#.###
#....##########....##
#####.......)....>.......
8.8.8..g@##########....##
...g....## ** #)#.##
..g......, , * #.###
.....g...# #..#
.......g.# , ##.# ##
.......... * * #.# #.
,8.8.8.#..# ###.###.
#####....# #.....#. ,*
#.#.#.#.


You could see Ijyb and 4 goblins.

Vanquished Creatures
  A gnoll (D:1)
  5 adders (D:2)
  A worm (D:2)
  2 dart slugs (D:2)
  2 endoplasms (D:2)
  4 goblins (D:2)
  3 hobgoblins
  A quokka (D:1)
  3 ball pythons (D:1)
  3 bats
  2 frilled lizards
  5 kobolds
  2 rats (D:1)
34 creatures vanquished.

Notes
Turn   | Place    | Note
-------+----------+-------------------------------------------
     0 | D:1      | lmSkywalker the Deep Dwarf Fighter began the quest for the
                  | Orb.
     0 | D:1      | Reached XP level 1. HP: 20/20 MP: 1/1
   186 | D:1      | Reached skill level 3 in Axes
   186 | D:1      | Reached XP level 2. HP: 25/27 MP: 2/2
   203 | D:1      | Found Daceeram's Antique Armour Shoppe.
   367 | D:1      | Found a faded altar of an unknown god.
   688 | D:2      | Reached XP level 3. HP: 33/33 MP: 2/2
   764 | D:2      | Reached skill level 4 in Axes
   868 | D:2      | Reached XP level 4. HP: 38/40 MP: 3/3
   944 | D:2      | Found Futypi's Armour Shoppe.
  1225 | D:2      | Found Zozitz's Armour Boutique.
  1358 | D:2      | Noticed Ijyb
  1364 | D:2      | Killed from afar by Ijyb

Illustrated notes

Levels and vault maps discovered:
D:1:      dpeg_arrival_round_c, layout_basic, chequers_ecumenical_altar_grove,
          serial_shops, nicolae_diamond_shop
D:2:      kennysheep_the_goblin_king, layout_loops_corners, serial_shops,
          nicolae_square_shop, nicolae_shop_crystal, minmay_misc_feat_rows,
          kennysheep_generic_room_2

Skill      XL: |  1  2  3 |
---------------+----------+-----
Axes           | 3 4 |  4.8
Fighting       | |  2.6
Armour         | |  3.2
Shields        | |  3.7

Action                   |  1- 3 |  4- 6 || total
-------------------------+-------+-------++-------
Melee: War axe           |    81 |    42 ||   123
 Abil: Heal Wounds       |     1 |       ||     1
  Use: Potion            |       |     1 ||     1
Armor: Scale mail        |    43 |    27 ||    70
Dodge: Dodged            |    31 |    15 ||    46
Block: Buckler           |    24 |     7 ||    31

Table legend: (Time is in decaauts)
 A = Elapsed time spent in this place.
 B = Non-inter-level travel time spent in this place.
 C = Inter-level travel time spent in this place.
 D = Time resting spent in this place.
 E = Time spent auto-exploring this place.
 F = Levels seen in this place.
 G = Mean time per level.
                   A        B        C        D        E       F      G
               +--------+--------+--------+--------+--------+-----+--------+
         Total |   1402 |   1326 |     76 |     18 |    949 |   2 |  701.0 |
       Dungeon |   1402 |   1326 |     76 |     18 |    949 |   2 |  701.0 |
               +--------+--------+--------+--------+--------+-----+--------+

Top non-repeatable levels by time:
     D:2: 727 daAuts
     D:1: 675 daAuts
